 Dungeon Crawl Stone Soup version 0.31-a0-986-g5e6e4ef867 (webtiles) character file.

Game seed: 869752366095687908

2090806 Lobster4 the Merry Minotaur (level 27, 273/273 HPs)
             Began as a Minotaur Hunter on Nov 5, 2023.
             Was the Champion of Fedhas.
             Escaped with the Orb
             ... and 4 runes on Nov 6, 2023!
             The game lasted 05:04:44 (87177 turns).

Lobster4 the Merry Minotaur (Minotaur Hunter)      Turns: 87177, Time: 05:04:45

Health: 273/273    AC: 33    Str: 18    XL:     27
Magic:  43/43      EV: 31    Int:  8    God:    Fedhas [******]
Gold:   6319       SH:  0    Dex: 35    Spells: 37/42 levels left

rFire   + + +        a - +5 triple crossbow (flame)
rCold   x . .        (shield currently unavailable)
rNeg    + . .        L - +5 ring mail of the Shining Light {Dex+5}
rPois   .            G - +2 hat "Liwew" {Str+3 Stlth+}
rElec   +            C - +4 dragonskin cloak
rCorr   .            F - +3 pair of gauntlets of War {Slay+5}
SInv    +            q - +2 pair of boots {Fly}
Will    +++..        E - amulet of Tingafiq {Acrobat rElec Will+ Str+2}
Stlth   +            z - ring of Xom's Wantonness {rC- rN+ MP+9 Slay+4}
HPRegen 0.65/turn    r - ring "Yttane" {Fly rF+++ Str-5 Dex+6 SInv}
MPRegen 0.28/turn

%: acrobat
@: flying, studying Shields
A: horns 2, retaliatory headbutt, mutation resistance 1, inability to read after
injury 1
0: Orb of Zot
}: 4/15 runes: decaying, serpentine, slimy, silver
a: Renounce Religion, Wall of Briars, Grow Ballistomycete, Overgrow, Grow Oklob


You escaped.
You worshipped Fedhas.
Fedhas was exalted by your worship.
You visited 12 branches of the dungeon, and saw 56 of its levels.
You also visited: Ice Cave.

You collected 10491 gold pieces.
You spent 4172 gold pieces at shops.

Inventory:

Hand Weapons
 a - a +5 triple crossbow of flaming (weapon)
 b - a +4 great sword of flaming
 c - the +4 shortbow of Responsibility {drain, rF+ rN+}
   (You found it on level 14 of the Dungeon)

   rF+:       It protects you from fire.
   rN+:       It protects you from negative energy.
 h - a +9 longbow of draining
 Q - a +2 longbow of flaming
Missiles
 f - 2 curare-tipped darts
 l - 18 poisoned darts
Armour
 d - +0 ice dragon scales
 i - the +5 ring mail of Grace {rF+ Str-3 Int+6}
   (You found it on level 3 of the Swamp)

   Str-3:     It affects your strength (-3).
   Int+6:     It affects your intelligence (+6).
   rF+:       It protects you from fire.
 q - a +2 pair of boots of flying (worn)
 y - a +2 cloak of poison resistance
 C - the +4 dragonskin cloak (worn)
   (You took it off Tiamat on level 1 of the Realm of Zot)

   Avatar's Aegis: It grants the wearer a chance to resist fire, cold, poison,
   electricity, acid, and negative energy.
 F - the +3 pair of gauntlets of War (worn) {Slay+5}
   (You bought it in a shop on level 1 of the Snake Pit)

   Slay+5:    It affects your accuracy & damage with ranged weapons and melee
   (+5).
 G - the +2 hat "Liwew" (worn) {Str+3 Stlth+}
   (You acquired it on level 1 of the Depths)

   Str+3:     It affects your strength (+3).
   Stlth+:    It makes you more stealthy.
 L - the +5 ring mail of the Shining Light (worn) {Dex+5}
   (You found it on level 3 of the Elven Halls)

   Dex+5:     It affects your dexterity (+5).
Jewellery
 j - a ring of protection from cold
 p - a ring of positive energy
 r - the ring "Yttane" (right hand) {Fly rF+++ Str-5 Dex+6 SInv}
   (You bought it in a shop on level 1 of the Vaults)

   [ring of dexterity]

   Str-5:     It affects your strength (-5).
   Dex+6:     It affects your dexterity (+6).
   rF+++:     It renders you almost immune to fire.
   SInv:      It lets you see invisible.
   Fly:       It grants you flight.
 z - the ring of Xom's Wantonness (left hand) {rC- rN+ MP+9 Slay+4}
   (You took it off a deep elf master archer on level 3 of the Elven Halls)

   [ring of slaying]

   Slay+4:    It affects your accuracy & damage with ranged weapons and melee
   (+4).
   rC-:       It makes you vulnerable to cold.
   rN+:       It protects you from negative energy.
   MP+9:      It affects your magic capacity (+9).
 D - an amulet of reflection
 E - the amulet of Tingafiq (around neck) {Acrobat rElec Will+ Str+2}
   (You found it on level 3 of the Crypt)

   [amulet of the acrobat]

   Acrobat:   It increases your evasion while moving and waiting.
   Str+2:     It affects your strength (+2).
   rElec:     It insulates you from electricity.
   Will+:     It increases your willpower.
 P - a ring of protection from fire
 T - the ring of Kiufam {rPois Str-3 Int+3 Dex+4 Slay+2}
   (You found it on level 2 of the Vaults)

   [ring of poison resistance]

   Str-3:     It affects your strength (-3).
   Int+3:     It affects your intelligence (+3).
   Dex+4:     It affects your dexterity (+4).
   Slay+2:    It affects your accuracy & damage with ranged weapons and melee
   (+2).
   rPois:     It protects you from poison
Wands
 t - a wand of acid (18)
 v - a wand of iceblast (35)
 Z - a wand of mindburst (99)
Scrolls
 e - 3 scrolls of teleportation
 m - 3 scrolls of blinking
 n - 10 scrolls of fog
 u - 2 scrolls of fear
 B - 5 scrolls of revelation
 U - 6 scrolls of silence
 X - a scroll of torment
 Y - 5 scrolls of poison
Potions
 k - 12 potions of mutation
 o - 13 potions of curing
 s - 4 potions of invisibility
 w - 4 potions of magic
 x - 3 potions of haste
 A - 11 potions of brilliance
 J - 3 potions of berserk rage
 K - 8 potions of enlightenment
 M - 4 potions of resistance
 N - 12 potions of lignification
 O - 5 potions of might
 R - 5 potions of ambrosia
 S - 8 potions of heal wounds
Miscellaneous
 H - a condenser vane
 I - a lightning rod (4/4)
 W - a phantom mirror


   Skills:
 O Level 27 Fighting
 - Level 9.2(15.0) Short Blades
 - Level 20.2(21.0) Long Blades
 - Level 2.0 Maces & Flails
 O Level 27 Ranged Weapons
 - Level 3.0 Throwing
 O Level 27 Armour
 + Level 16.3 Dodging
 - Level 1.0 Stealth
 - Level 2.0 Shields
 + Level 8.3 Spellcasting
 - Level 3.0 Transmutations
 - Level 12.0 Ice Magic
 - Level 3.0 Earth Magic
 + Level 14.3 Invocations
 - Level 13.0 Evocations


You had 37 spell levels left.
You knew the following spells:

 Your Spells              Type           Power      Damage    Failure   Level
a - Frozen Ramparts       Ice            44%        1d7       1%          3
b - Passwall              Tmut/Erth      6%         N/A       11%         2

Your spell library contained the following spells:

 Spells                   Type           Power      Damage    Failure   Level
 Freeze                   Ice            88%        1d9       1%          1
 Ozocubu's Armour         Ice            22%        N/A       1%          3
 Ensorcelled Hibernation  Hex/Ice        24%        N/A       3%          2
 Hailstorm                Conj/Ice       12%        3d5       6%          3
 Sandblast                Erth           16%        2d6       7%          1
 Wereblood                Tmut           8%         N/A       11%         2
 Sting                    Tmut/Pois      20%        1d4       13%         1
 Summon Ice Beast         Ice/Summ       12%        N/A       21%         4
 Apportation              Tloc           6%         N/A       24%         1
 Foxfire                  Conj/Fire      12%        2x1d4     24%         1
 Kiss of Death            Conj/Necr      12%        2d6       24%         1
 Magic Dart               Conj           12%        1d3       24%         1
 Necrotise                Necr           12%        1d4       24%         1
 Shock                    Conj/Air       12%        1d3       24%         1
 Slow                     Hex            12%        N/A       24%         1
 Summon Small Mammal      Summ           12%        N/A       24%         1
 Call Imp                 Summ           6%         N/A       34%         2
 Cigotuvi's Dreadful Rot  Necr/Pois/Air  6%         N/A       34%         2
 Jinxbite                 Hex            6%         N/A       34%         2
 Lesser Beckoning         Tloc           6%         N/A       34%         2
 Static Discharge         Conj/Air       6%         3-4/arc   34%         2
 Sublimation of Blood     Necr           3%         N/A       34%         2
 Stone Arrow              Conj/Erth      10%        3d7       36%         3
 Ignite Poison            Fire/Tmut/Pois 4%         N/A       43%         3
 Metabolic Englaciation   Hex/Ice        6%         N/A       50%         5
 Confusing Touch          Hex            3%         N/A       56%         3
 Dazzling Flash           Conj/Hex       6%         N/A       56%         3
 Gell's Gravitas          Tloc           3%         N/A       56%         3
 Mephitic Cloud           Conj/Pois/Air  3%         N/A       56%         3
 Sigil of Binding         Hex            3%         N/A       56%         3
 Swiftness                Air            3%         N/A       56%         3
 Teleport Other           Tloc           3%         N/A       56%         3
 Tukima's Dance           Hex            3%         N/A       56%         3
 Vampiric Draining        Necr           3%         2d6       56%         3
 Volatile Blastmotes      Fire/Tloc      6%         2d10      56%         3
 Petrify                  Tmut/Erth      8%         N/A       56%         4
 Animate Armour           Summ/Erth      10%        N/A       77%         4
 Brom's Barrelling Bould  Conj/Erth      5%         2d3       77%         4
 Leda's Liquefaction      Hex/Erth       2%         N/A       77%         4
 Ozocubu's Refrigeration  Ice            11%        4d9       82%         7
 Lee's Rapid Deconstruct  Erth           4%         3d5*      88%         5
 Airstrike                Air            1%         2d(1-17)  93%         4
 Anguish                  Hex/Necr       1%         N/A       93%         4
 Animate Dead             Necr           3%         N/A       93%         4
 Dimensional Bullseye     Hex/Tloc       1%         N/A       93%         4
 Dispel Undead            Necr           3%         3d7       93%         4
 Fulminant Prism          Conj/Hex       1%         3d5       93%         4
 Iskenderun's Mystic Bla  Conj/Tloc      3%         2d3       93%         4
 Manifold Assault         Tloc           3%         N/A       93%         4
 Passage of Golubria      Tloc           3%         N/A       93%         4
 Sticky Flame             Conj/Fire      3%         2d3       93%         4
 Summon Lightning Spire   Summ/Air       3%         N/A       93%         4
 Simulacrum               Ice/Necr       6%         N/A       97%         6
 Alistair's Intoxication  Tmut/Pois      3%         N/A       98%         5
 Borgnjor's Vile Clutch   Necr/Erth      2%         N/A       98%         5
 Irradiate                Conj/Tmut      2%         3d12      98%         5
 Yara's Violent Unravell  Hex/Tmut       2%         3d3       98%         5
 Agony                    Necr           3%         N/A       100%        5
 Fireball                 Conj/Fire      1%         3d3       100%        5
 Iskenderun's Battlesphe  Conj           3%         2d6       100%        5
 Silence                  Hex/Air        1%         N/A       100%        5
 Summon Forest            Summ/Tloc      1%         N/A       100%        5
 Summon Mana Viper        Hex/Summ       3%         N/A       100%        5
 Bombard                  Conj/Erth      2%         9d1       100%        6
 Conjure Ball Lightning   Conj/Air       1%         3x3d6     100%        6
 Death Channel            Necr           1%         N/A       100%        6
 Dispersal                Tloc           1%         N/A       100%        6
 Eringya's Noxious Bog    Tmut/Pois      2%         4d6       100%        6
 Starburst                Conj/Fire      1%         6d3       100%        6
 Summon Cactus Giant      Summ           1%         N/A       100%        6
 Haunt                    Necr/Summ      1%         N/A       100%        7
 Malign Gateway           Summ/Tloc      1%         N/A       100%        7
 Monstrous Menagerie      Summ           1%         N/A       100%        7
 Orb of Destruction       Conj           1%         9d5       100%        7
 Spellforged Servitor     Conj/Summ      1%         N/A       100%        7
 Summon Hydra             Summ           1%         N/A       100%        7
 Borgnjor's Revivificati  Necr           1%         N/A       100%        8
 Discord                  Hex            1%         N/A       100%        8
 Disjunction              Tloc           1%         N/A       100%        8
 Ignition                 Fire           1%         3d3       100%        8
 Infestation              Necr           1%         N/A       100%        8
 Maxwell's Capacitive Co  Air            1%         ∞         100%        8
 Summon Horrible Things   Summ           1%         N/A       100%        8
 Death's Door             Necr           1%         N/A       100%        9
 Fire Storm               Conj/Fire      1%         8d1       100%        9
 Polar Vortex             Ice            11%        12d1*     100%        9
 Shatter                  Erth           4%         3d7*      100%        9


Dungeon Overview and Level Annotations

Branches:
Dungeon (15/15)            Temple (1/1) D:5            Lair (5/5) D:11
  Swamp (4/4) Lair:3        Snake (4/4) Lair:2        Slime (5/5) Lair:4
    Orc (2/2) D:11            Elf (3/3) Orc:2        Vaults (5/5) D:14
  Crypt (3/3) Vaults:2       Tomb (0/3) Crypt:3      Depths (4/4) D:15
    Zot (5/5) Depths:4      IceCv (visited)

Altars:
Ashenzari
Cheibriados
Dithmenos
Elyvilon
Fedhas
Gozag
Hepliaklqana
Kikubaaqudgha
Makhleb
Nemelex Xobeh
Okawaru
Qazlal
Ru
Sif Muna
Trog
Uskayaw
Vehumet
Wu Jian
Xom
Yredelemnul
Zin
The Shining One
Jiyva

Shops:
D:12 (   Orc:2 ?([?   Elf:1 :[   Snake:1 [*   Snake:3 ?   Vaults:1 =
Vaults:2 (   Vaults:3 =(   Vaults:4 *

Portals:
Hell: Depths:1 Depths:2 Depths:3 Depths:4
Abyss: Depths:3 Depths:4
Pandemonium: Depths:2 Depths:4
Ziggurat: Depths:4

Annotations:
D:1 1 exclusion
Vaults:2 1 runed translucent door, Naox's ghost, adept KoAr
Vaults:4 1 runed translucent door, Pileu's ghost, adept DsFE
Zot:1 2 transporters


Innate Abilities, Weirdness & Mutations

You have a pair of horns on your head.
You reflexively headbutt those who attack you in melee.
You are somewhat resistant to further mutation.
You occasionally lose the ability to read scrolls when taking damage.


Message History

The great orb of eyes is heavily wounded.
You shoot a bolt. The bolt hits the great orb of eyes!!!!
The bolt burns the great orb of eyes!
You kill the great orb of eyes!
Fedhas accepts your kill.
There is a stone staircase leading up here.
You fly upwards.
There is a stone staircase leading down, spattered with blood here.
There is a stone staircase leading up here.
You fly upwards.
A Tzitzimitl comes into view.
There is a stone staircase leading down here.
You shoot a bolt. The bolt hits the Tzitzimitl!!!
The bolt burns the Tzitzimitl.
The Tzitzimitl is moderately wounded.
You shoot a bolt. The bolt hits the Tzitzimitl!!!
The bolt burns the Tzitzimitl.
The Tzitzimitl is almost dead.
You shoot a bolt. The bolt hits the Tzitzimitl!!
The bolt burns the Tzitzimitl!
You kill the Tzitzimitl!
Fedhas accepts your kill.
There is a stone staircase leading up here.
You fly upwards.
There is a stone staircase leading down here.
You see here 7 stones.
A reaper comes into view. It is wielding a +2 scythe of flaming.
You shoot a bolt. The bolt hits the reaper!!
The bolt burns the reaper!
The reaper is heavily wounded.
You shoot a bolt. The bolt hits the reaper!!!!
The bolt burns the reaper.
You kill the reaper!
Fedhas accepts your kill.
No target in view!
There is a stone staircase leading up here.
You fly upwards.
Level annotation: 1 exclusion
There is a stone staircase leading down here.
There is an open door here.
There is an open door here.
There is a staircase leading out of the dungeon here.
You have escaped!

###+##.###........
#≈♣.P#.##.........
♣P.P#..'.........
#♣~..'.##.........
#P..♣####.........
#♣..P##.'.......##
#~.♣♣####.......#
#..P♣# #.......#
#@.~P# #.......#
###### #.......#
#.......#
#.......#
#.......#
#.......#
#.......#
#########


There were no monsters in sight!

Vanquished Creatures
  the Royal Jelly (Slime:5)
  A pandemonium lord (D:14)
  8 orbs of fire (Zot:5)
  Tiamat (Zot:1)
  3 ancient liches
  3 dread liches
  Bai Suzhen (Vaults:2)
  4 Killer Klowns (Zot:5)
  Vashnia (Snake:3)
  Margery (Vaults:2)
  2 curse toes
  A caustic shrike (Depths:2)
  8 golden dragons
  2 bone dragons (Crypt:3)
  7 electric golems
  2 Tzitzimimeh
  16 tentacled monstrosities
  A walking earthen tome (Depths:4)
  3 liches
  2 Ice Fiends
  A walking divine tome (Depths:2)
  Mlioglotl (Swamp:4)
  25 Orb Guardians (Zot:5)
  A deep elf blademaster (Elf:2)
  7 sphinxes
  14 quicksilver dragons
  7 titans
  35 acid blobs
  An Executioner (Depths:2)
  2 deep elf master archers (Elf:3)
  Gastronok (Lair:3)
  7 ancient champions
  10 shadow dragons
  Frances (D:14)
  Kirke (D:14)
  7 death cobs
  Donald (Swamp:2)
  Agnes (Elf:2)
  7 tengu reavers
  Roxanne (Elf:3)
  10 draconian monks
  5 fire giants
  28 azure jellies
  Aizul (Snake:2)
  19 nagarajas
  3 revenants
  11 storm dragons
  An azure jelly (shapeshifter) (D:14)
  A demonspawn warmonger (Depths:3)
  12 draconian knights
  23 rockslimes
  2 frost giants
  10 vault wardens
  A balrug (D:10)
  4 draconian shifters
  10 draconian scorchers
  The ghost of Quegolalo the Cloud Mage, an adept TeAE of Hepliaklqana (Snake:1)
  3 iron dragons
  Louise (Snake:1)
  7 deep elf sorcerers
  4 ghost moths
  10 draconian annihilators
  4 curse skulls
  7 draconian stormcallers
  An angel (Zot:3)
  7 deep elf elementalists
  A spriggan defender (Depths:3)
  6 ghouls
  12 formless jellyfish
  4 war gargoyles
  4 reapers
  3 orc warlords
  14 very ugly things
  A cacodemon (D:13)
  22 quicksilver oozes
  A demonspawn corrupter (Depths:3)
  20 ironbound preservers
  A broodmother (shapeshifter) (Depths:1)
  4 ironbound thunderhulks
  22 stone giants
  Nessos (D:12)
  4 deep elf demonologists
  12 black draconians
  7 vampire knights
  13 green draconians
  2 bunyips
  6 deep elf annihilators
  6 eleionomae
  17 dire elephants
  17 yellow draconians
  The ghost of jestert79 the Peltast, a journeyman OpSh of Gozag (Lair:5)
  23 purple draconians
  8 spark wasps
  22 red draconians
  7 white draconians
  Snorg (D:12)
  2 green deaths
  2 eidola (Crypt:3)
  9 ettins
  5 deep elf death magi
  5 entropy weavers
  4 jiangshi
  7 fire dragons
  7 rakshasas
  11 yaktaur captains
  Fannar (Lair:3)
  8 deep elf high priests
  8 great orbs of eyes
  4 spriggan air magi
  5 salamander tyrants
  27 vault guards
  8 ice dragons
  17 hydras
  5 ghost crabs
  8 alligators
  7 boulder beetles
  3 spriggan skeletons
  2 catoblepae
  4 anacondas
  7 ogre magi
  4 two-headed ogres
  5 ironbound frosthearts
  10 tengu warriors
  4 death knights
  A sphinx skeleton (Crypt:3)
  13 centaur warriors
  14 naga warriors
  9 death yaks
  26 dancing weapons
  A titan zombie (Vaults:1)
  11 deep troll earth magi
  11 deep troll shamans
  6 vampire magi
  4 hell hogs (Depths:3)
  3 orc high priests
  6 shock serpents
  15 deep elf knights
  A spriggan berserker (Depths:2)
  5 soul eaters
  An occultist (Depths:2)
  7 hell knights
  Sonja (D:11)
  A demonic crawler (Depths:1)
  Nergalle (Lair:3)
  2 skysharks
  19 naga sharpshooters
  13 skeletal warriors
  4 spriggans
  4 sun demons
  5 fire crabs (D:11)
  4 shadow wraiths
  9 iron trolls
  5 goliath frogs
  Lodul (D:14)
  7 salamander mystics
  An anaconda zombie (Crypt:1)
  A goliath frog (shapeshifter) (Vaults:5)
  3 glowing orange brains
  A death drake (shapeshifter) (Vaults:5)
  An orb spider (shapeshifter) (D:15)
  6 naga ritualists
  64 deep trolls
  7 flayed ghosts
  5 spriggan druids
  7 arcanists
  A shadow demon (Depths:3)
  9 swamp dragons
  6 bog bodies
  16 deep elf archers
  3 spectral hydras (Swamp:4)
  8 orc knights
  17 phantasmal warriors
  21 ironbound convokers
  5 necromancers
  An obsidian statue (Snake:1)
  10 lindwurms
  27 deep elf zephyrmancers
  An iron giant skeleton (Crypt:1)
  A bunyip skeleton (Crypt:1)
  7 orc sorcerers
  A harpy (shapeshifter) (D:13)
  37 deep elf pyromancers
  2 will-o-the-wisps
  A wolf spider (Depths:1)
  5 shining eyes
  32 ugly things
  4 manticores
  A jorogumo skeleton (Crypt:2)
  12 mana vipers
  4 cyclopes
  18 salamanders
  A centaur zombie (Crypt:1)
  21 moths of wrath
  13 naga magi
  7 elephants
  8 guardian serpents
  21 vault sentinels
  2 human skeletons (Vaults:1)
  28 black mambas
  An eye of devastation (Slime:5)
  3 smoke demons
  A dire elephant zombie (Crypt:1)
  An ice statue (IceCv)
  An apocalypse crab (D:11)
  14 cane toads
  A green draconian zombie (Crypt:3)
  A pale draconian zombie (Crypt:3)
  3 torpor snails
  12 unseen horrors
  4 centaur skeletons
  An orange demon (D:13)
  An unseen horror (shapeshifter) (Depths:1)
  6 rime drakes
  4 freezing wraiths
  11 yaktaurs
  A black draconian zombie (Crypt:3)
  A hellion (Depths:3)
  5 komodo dragons
  An ice devil (IceCv)
  4 tengu conjurers
  An unseen horror skeleton (Crypt:1)
  A yaktaur (shapeshifter) (Elf:2)
  4 hydra zombies
  2 tormentors (Depths:2)
  A guardian mummy (Crypt:3)
  5 death drake zombies (Swamp:4)
  A queen bee (D:14)
  10 hornets
  A bloated husk (Swamp:3)
  A polar bear (Lair:4)
  2 meliai (D:14)
  6 trolls
  10 tyrant leeches
  16 blink frogs
  A tarantella (shapeshifter) (Depths:3)
  2 blink frogs (shapeshifter)
  6 glass eyes
  3 death drake skeletons (Swamp:4)
  2 dream sheep (Lair:2)
  A snapping turtle (shapeshifter) (Depths:4)
  2 centaur simulacra
  An ettin zombie (Vaults:1)
  5 flying skulls
  106 slime creatures
  3 shadows
  3 air elementals
  2 dire elephant simulacra (IceCv)
  4 wyverns
  Eustachio (D:4)
  37 yaks
  3 hogs (D:14)
  4 humans (D:6)
  A human (shapeshifter) (D:13)
  3 basilisks
  4 wraiths
  A hog (shapeshifter) (Vaults:5)
  5 water elementals
  10 vampire mosquitoes
  2 fire elementals (Elf:1)
  4 large abominations
  4 chaos spawn
  A neqoxec (D:14)
  A death yak simulacrum (IceCv)
  2 steam dragons
  2 wargs
  5 small abominations
  51 nagas
  15 swamp worms
  A harpy simulacrum (IceCv)
  A swamp worm (shapeshifter) (Vaults:3)
  A two-headed ogre zombie (Crypt:2)
  5 hydra simulacra
  3 acid dragons
  3 ice beasts
  21 water moccasins
  A cane toad skeleton (Crypt:1)
  7 swamp drakes
  48 orc warriors
  The ghost of justen the Changeling, an amateur TrSh (D:4)
  A lindwurm zombie (Crypt:2)
  3 ettin simulacra (Depths:3)
  5 black bears
  23 wolves
  17 ogres
  11 centaurs
  A phantom (Depths:1)
  A swamp dragon skeleton (Swamp:4)
  2 kobold brigands
  18 bullfrogs
  2 cane toad simulacra (IceCv)
  2 necrophages (Crypt:1)
  4 scorpions
  9 two-headed ogre simulacra
  2 earth elementals
  A water moccasin skeleton (Crypt:2)
  13 wights
  30 killer bees
  A yak zombie (Crypt:3)
  An elephant simulacrum (IceCv)
  A swamp dragon simulacrum (Crypt:1)
  A howler monkey (D:14)
  An electric eel (Lair:2)
  A black bear zombie (Crypt:2)
  15 orc priests
  5 hounds
  5 jellies
  2 gnoll boudas (D:7)
  A jelly (shapeshifter) (Elf:1)
  9 iguanas
  25 orc wizards
  A scorpion zombie (Crypt:3)
  A hell rat (Depths:1)
  5 polar bear simulacra (IceCv)
  6 spriggan simulacra
  7 troll simulacra
  A boggart skeleton (D:14)
  A sky beast zombie (Crypt:3)
  A tengu zombie (Crypt:3)
  2 bullfrog simulacra (D:4)
  An acid dragon skeleton (Crypt:2)
  A boggart simulacrum (D:15)
  12 mummies (Crypt:3)
  4 adders
  7 gnolls (D:7)
  10 naga simulacra
  A shadow imp (D:7)
  A howler monkey simulacrum (D:4)
  10 white imps
  3 ufetubi
  An adder skeleton (Crypt:1)
  3 worms
  2 adder simulacra (D:4)
  112 orcs
  3 endoplasms
  4 giant cockroaches
  7 goblins
  5 hobgoblins
  3 jackals (D:1)
  11 kobolds
  8 quokkas
  6 ball pythons
  9 bats
  A dart slug zombie (Crypt:1)
  An endoplasm zombie (Crypt:1)
  3 frilled lizards
  A goblin skeleton (Crypt:2)
  6 rats
  A rat skeleton (Crypt:1)
  A ballistomycete spore (Elf:3)
  A butterfly (Lair:5)
2497 creatures vanquished.

Vanquished Creatures (collateral kills)
  A deep elf blademaster (Elf:3)
  A sphinx (D:14)
  An azure jelly (Slime:5)
  A black draconian (Zot:1)
  A deep elf annihilator (Elf:3)
  A centaur warrior (D:14)
  An efreet (D:14)
  A meliai (D:14)
  A slime creature (Slime:4)
  A basilisk (D:14)
  2 yaks (Lair:4)
  An ogre (D:14)
  A bullfrog (Lair:4)
  3 killer bees (D:14)
  A jelly (Lair:4)
  2 endoplasms (Lair:4)
  6 ballistomycete spores (Elf:3)
26 creatures vanquished.

Vanquished Creatures (others)
  5 thorn hunters (Swamp:4)
  A fire giant (Depths:2)
  A bunyip (Swamp:4)
  A spark wasp (Depths:3)
  2 shambling mangroves (Swamp:4)
  A hydra (Swamp:4)
  A ghost crab (Swamp:4)
  An alligator (Swamp:4)
  A spriggan (Swamp:2)
  2 spriggan druids (Swamp:4)
  2 goliath frogs
  2 spectral hydras (Swamp:4)
  2 bog bodies
  5 swamp dragons (Swamp:4)
  3 oklob plants (Swamp:4)
  2 bloated husks
  7 hornets
  3 swamp worms
  4 swamp drakes (Swamp:4)
  A swamp dragon skeleton (Swamp:4)
  An orc wizard (Elf:2)
  4 ballistomycete spores (Elf:3)
  6 foxfires
58 creatures vanquished.

Grand Total: 2581 creatures vanquished

Notes
Turn   | Place    | Note
-------+----------+-------------------------------------------
     0 | D:1      | Lobster4 the Minotaur Hunter began the quest for the Orb.
     0 | D:1      | Reached XP level 1. HP: 18/18 MP: 0/0
    66 | D:1      | Reached skill level 1 in Stealth
   105 | D:1      | Reached XP level 2. HP: 25/25 MP: 1/1
   127 | D:1      | Reached skill level 1 in Armour
   508 | D:2      | Reached XP level 3. HP: 30/30 MP: 2/2
   557 | D:2      | Reached skill level 1 in Maces & Flails
   819 | D:2      | Reached skill level 5 in Ranged Weapons
   821 | D:2      | Reached XP level 4. HP: 25/38 MP: 3/3
  1392 | D:3      | Found an iron altar of Okawaru.
  1463 | D:3      | Reached skill level 1 in Throwing
  1967 | D:4      | Noticed Eustachio
  1986 | D:4      | Killed Eustachio
  1987 | D:4      | Reached skill level 1 in Evocations
  1987 | D:4      | Reached XP level 5. HP: 45/45 MP: 4/4
  1987 | D:4      | Reached XP level 6. HP: 51/51 MP: 5/5
  2165 | D:4      | Found a sacrificial altar of Ru.
  2220 | D:4      | Found a runed translucent gate.
  2220 | D:4      | Found a runed translucent gate.
  2220 | D:4      | Found a runed translucent gate.
  2255 | D:4      | Noticed justen's ghost (amateur TrSh)
  2286 | D:4      | Found a snail-covered altar of Cheibriados.
  2457 | D:5      | Entered Level 5 of the Dungeon
  2699 | D:5      | Reached XP level 7. HP: 59/59 MP: 6/6
  3079 | D:5      | Found a staircase to the Ecumenical Temple.
  3088 | Temple   | Entered the Ecumenical Temple
  3096 | Temple   | Became a worshipper of Fedhas Madash
  3295 | D:6      | Reached XP level 8. HP: 67/67 MP: 7/7
  3370 | D:6      | Found an opulent altar of Gozag.
  3371 | D:6      | Found a broken altar of Ashenzari.
  3387 | D:6      | Reached skill level 5 in Fighting
  3390 | D:6      | Reached skill level 1 in Invocations
  3606 | D:6      | Reached skill level 1 in Short Blades
  3626 | D:6      | Found a burning altar of Makhleb.
  3718 | D:6      | Found a radiant altar of Vehumet.
  3809 | D:6      | Reached skill level 5 in Dodging
  3815 | D:6      | Reached XP level 9. HP: 74/75 MP: 9/9
  3823 | D:6      | Reached skill level 5 in Armour
  3970 | D:6      | Found an ancient bone altar of Kikubaaqudgha.
  4189 | D:7      | Reached * piety under Fedhas
  4280 | D:7      | Identified the +1 chain mail "Fouwneong" {rF++}
  4608 | D:7      | Reached skill level 10 in Ranged Weapons
  4801 | D:7      | Reached ** piety under Fedhas
  5411 | D:8      | Reached XP level 10. HP: 74/88 MP: 11/11
  5558 | D:8      | Noticed a two-headed ogre
  5567 | D:8      | Killed a two-headed ogre
  5913 | D:8      | Reached *** piety under Fedhas
  7334 | D:10     | Identified the of Rihar
  7334 | D:10     | Entered Level 10 of the Dungeon
  7491 | D:10     | Found a shimmering blue altar of Sif Muna.
  7650 | D:10     | Reached **** piety under Fedhas
  8383 | D:10     | Found a hazy altar of Hepliaklqana.
  8566 | D:11     | Reached skill level 1 in Long Blades
  8589 | D:11     | Noticed a brown ugly thing
  8597 | D:11     | Noticed a purple ugly thing
  8609 | D:11     | Reached XP level 11. HP: 91/99 MP: 12/12
  8748 | D:11     | Found a frozen archway.
  8851 | IceCv    | Entered an ice cave
  9591 | IceCv    | Reached ***** piety under Fedhas
  9603 | IceCv    | Reached skill level 10 in Fighting
 10738 | IceCv    | Noticed a bog body
 10738 | IceCv    | Noticed a bog body
 10741 | IceCv    | Killed a bog body
 10743 | IceCv    | Killed a bog body
 11378 | D:11     | Found a runed translucent door.
 11385 | D:11     | Noticed a fire crab
 11690 | D:11     | Noticed Sonja
 11697 | D:11     | Killed Sonja
 11744 | D:11     | Found a staircase to the Orcish Mines.
 11947 | D:11     | Found a staircase to the Lair.
 11980 | D:11     | Noticed a purple ugly thing
 11985 | D:11     | Killed a purple ugly thing
 12110 | D:11     | Killed a purple ugly thing
 12116 | D:11     | Killed a brown ugly thing
 12117 | D:11     | Reached XP level 12. HP: 49/110 MP: 7/13
 12412 | Lair:1   | Entered Level 1 of the Lair of Beasts
 12412 | Lair:1   | Noticed a seven-headed hydra
 12453 | Lair:5   | Identified the of Fypul
 12453 | Orc:1    | Entered Level 1 of the Orcish Mines
 12863 | Orc:1    | Reached skill level 15 in Ranged Weapons
 12984 | Orc:2    | Entered Level 2 of the Orcish Mines
 13044 | Orc:2    | Reached skill level 10 in Armour
 13069 | Orc:2    | Reached ****** piety under Fedhas
 13360 | Orc:2    | Found a staircase to the Elven Halls.
 13389 | Orc:2    | Noticed an orc warlord
 13585 | Orc:2    | Killed an orc warlord
 13955 | Orc:2    | Noticed a centaur warrior
 13976 | Orc:2    | Killed a centaur warrior
 14262 | Orc:2    | Found Eloimy Dity's Armour Emporium.
 14262 | Orc:2    | Found Aheed's Weapon Boutique.
 14264 | Orc:2    | Found Jiphah's Magic Scroll Shop.
 14266 | Orc:2    | Found Mafus's Magic Scroll Shoppe.
 14283 | Orc:2    | Bought a scroll of identify for 32 gold pieces
 14284 | Orc:2    | Bought a scroll of identify for 32 gold pieces
 14284 | Orc:2    | Bought a scroll of identify for 32 gold pieces
 14284 | Orc:2    | Bought a scroll of identify for 32 gold pieces
 14292 | Orc:2    | Bought a scroll of blinking for 120 gold pieces
 14292 | Orc:2    | Bought a scroll of enchant weapon for 120 gold pieces
 14298 | Orc:2    | Bought a scroll of enchant weapon for 112 gold pieces
 14299 | Orc:2    | Bought a scroll of identify for 30 gold pieces
 14627 | D:11     | Noticed an entropy weaver
 14648 | D:11     | Killed an entropy weaver
 14705 | D:11     | Reached XP level 13. HP: 107/119 MP: 13/15
 14754 | D:11     | Reached skill level 5 in Invocations
 15346 | D:11     | Identified the +7 spear of the Quiescent God {heavy,
                  | Fragile rF++ rC+}
 15581 | D:12     | Noticed Nessos
 15791 | Lair:1   | Identified the +7 quarterstaff "Ublaoxon" {pain, Fly Int+6}
 17303 | Lair:2   | Found a staircase to the Snake Pit.
 17578 | Lair:3   | Noticed Gastronok
 17747 | Lair:3   | Paralysed by a hornet for 1 turns
 17906 | Lair:3   | Found a staircase to the Swamp.
 17972 | Lair:3   | Reached skill level 1 in Spellcasting
 17997 | Lair:3   | Reached XP level 14. HP: 79/132 MP: 11/17
 18142 | Lair:3   | Noticed Nergalle
 18153 | Lair:3   | Killed Nergalle
 18374 | Lair:3   | Noticed Fannar
 18391 | Lair:3   | Killed Fannar
 18958 | Lair:3   | Killed Gastronok
 19292 | Lair:4   | Reached skill level 15 in Fighting
 19486 | Lair:4   | Found a staircase to the Slime Pits.
 19492 | Lair:4   | Found a viscous altar of Jiyva.
 20068 | Lair:5   | Entered Level 5 of the Lair of Beasts
 20938 | Lair:5   | Found a runed translucent gate.
 20940 | Lair:5   | Found a runed translucent gate.
 21040 | Lair:5   | Noticed jestert79's ghost (journeyman OpSh)
 21049 | Lair:5   | Identified the +1 sling of Gallantry {speed, rF+++ rCorr
                  | Str-4}
 21262 | Lair:5   | Reached XP level 15. HP: 131/143 MP: 17/20
 21347 | Lair:5   | Found a runed translucent gate.
 22296 | D:12     | Noticed Snorg
 22313 | D:12     | Killed Snorg
 22812 | D:12     | Killed Nessos
 23151 | D:12     | Found Zotaatuuda's Antique Weapon Shoppe.
 23465 | D:13     | Learned a level 2 spell: Passwall
 23739 | D:13     | You fall into a shaft and drop 2 floors!
 23739 | D:15     | Entered Level 15 of the Dungeon
 23745 | D:15     | Identified the +5 rapier of Gallantry {heavy, *Noise rPois
                  | Str+3}
 23761 | D:15     | Found a white marble altar of Elyvilon.
 23764 | D:14     | Found an opulent altar of Gozag.
 23935 | D:13     | Reached skill level 1 in Earth Magic
 24020 | D:13     | Reached skill level 1 in Transmutations
 24453 | D:14     | Noticed a sphinx
 24455 | D:14     | Paralysed by a sphinx for 4 turns
 24463 | D:14     | Killed a sphinx
 24740 | D:14     | Noticed Lodul
 24985 | D:14     | Noticed Kirke
 25165 | D:14     | Identified the +4 shortbow of Responsibility {drain, rF+
                  | rN+}
 25357 | D:14     | Killed Kirke
 25488 | D:14     | Killed Lodul
 25892 | D:14     | Noticed Frances
 25900 | D:14     | Killed Frances
 26096 | D:14     | Found a gate to the Vaults.
 26218 | D:14     | Noticed an azure jelly
 26224 | D:14     | Killed an azure jelly
 26313 | D:14     | Reached XP level 16. HP: 108/152 MP: 16/22
 27031 | D:15     | Found a staircase to the Depths.
 27732 | Swamp:2  | Identified the of Fuefupra
 27732 | Vaults:1 | Identified the of Ylolous
 27732 | Vaults:1 | Identified the of Onaihoru
 27732 | Vaults:4 | Identified the "Pash"
 27732 | Vaults:5 | Identified the "Joplucs"
 27732 | Crypt:3  | Identified the "Essaolid"
 27732 | Elf:1    | Entered Level 1 of the Elven Halls
 28867 | Elf:1    | Reached skill level 10 in Invocations
 28992 | Elf:1    | Found Dyxoox's Armour Boutique.
 28992 | Elf:1    | Found Umyegrod's Book Shop.
 29573 | Elf:1    | Reached skill level 5 in Short Blades
 30606 | Elf:2    | Paralysed by an air elemental for 1 turns
 31069 | Elf:2    | Noticed Agnes
 31239 | Elf:1    | Reached XP level 17. HP: 163/163 MP: 23/23
 31501 | Elf:2    | Killed Agnes
 31783 | Elf:2    | Found a huge runed translucent gate.
 31783 | Elf:2    | Found a huge runed translucent gate.
 31793 | Elf:2    | Found a huge runed translucent gate.
 31807 | Elf:2    | Found a huge runed translucent gate.
 31807 | Elf:2    | Found a huge runed translucent gate.
 31848 | Elf:3    | Identified the "Uzudobi"
 31848 | Elf:3    | Identified the of Biriacuc
 31848 | Elf:3    | Identified the "Beladom"
 31848 | Elf:3    | Entered Level 3 of the Elven Halls
 32061 | Elf:3    | Identified the granite talisman "Oluanupp" {Will++ Dex+4}
 32061 | Elf:3    | Noticed Roxanne
 32177 | Elf:3    | Paralysed by an air elemental for 1 turns
 34333 | Elf:3    | Noticed a deep elf master archer
 34343 | Elf:3    | Killed a deep elf master archer
 34465 | Elf:3    | Identified the +4 dagger of Ikhlaec {spect, Int+2 Dex+4}
 34594 | Elf:3    | Noticed a Brimstone Fiend
 34703 | Elf:3    | Noticed a deep elf blademaster
 34703 | Elf:3    | Identified the staff of the Scroll {rPois rCorr Str+3 Dex+3
                  | Stlth+ Poison}
 34715 | Elf:3    | Killed a deep elf blademaster
 34826 | Elf:3    | Identified the ring of Xom's Wantonness {rC- rN+ MP+9
                  | Slay+4}
 34826 | Elf:3    | Noticed a deep elf master archer
 34835 | Elf:3    | Identified the staff "Goblin's Curse" {Fragile rF++ rC+
                  | rN+++ Ice}
 34835 | Elf:3    | Identified the +2 robe "Poetsei" {Archmagi}
 34860 | Elf:3    | Killed a deep elf master archer
 35229 | Elf:3    | Identified the +5 ring mail of the Shining Light {Dex+5}
 35462 | Elf:3    | Killed Roxanne
 35591 | Elf:2    | Noticed a deep elf blademaster
 35603 | Elf:2    | Killed a deep elf blademaster
 36659 | Swamp:1  | Entered Level 1 of the Swamp
 36679 | Lair:3   | Reached XP level 18. HP: 120/176 MP: 25/25
 37606 | Swamp:1  | Identified the +4 ring mail of a Million Things {Harm
                  | Dex+2}
 37643 | Swamp:1  | Reached skill level 1 in Shields
 37974 | Swamp:2  | Noticed a tentacled monstrosity
 38006 | Swamp:2  | Killed a tentacled monstrosity
 38562 | Swamp:2  | Identified the +10 falchion "Hydraslayer" {heavy, rCorr
                  | Str+7 Int-2 SInv}
 38686 | Swamp:2  | Identified the +4 trident of Painful Death {vamp, rPois rN+
                  | Dex+5}
 38847 | Swamp:3  | Noticed Donald
 38867 | Swamp:2  | Killed Donald
 39524 | Swamp:3  | Identified the +5 ring mail of Grace {rF+ Str-3 Int+6}
 40040 | Swamp:4  | Entered Level 4 of the Swamp
 40130 | Swamp:4  | Reached skill level 5 in Long Blades
 40542 | Swamp:4  | Noticed Mlioglotl
 40554 | Swamp:4  | Noticed a lich
 40554 | Swamp:4  | Killed Mlioglotl
 41207 | Swamp:4  | Found a blossoming altar of Fedhas.
 41220 | Swamp:4  | Got a decaying rune of Zot
 41240 | Swamp:4  | Found a basalt altar of Yredelemnul.
 41424 | Snake:1  | Entered Level 1 of the Snake Pit
 41445 | Snake:1  | Found a runed translucent gate.
 41445 | Snake:1  | Found a runed translucent gate.
 41445 | Snake:1  | Found a runed translucent gate.
 41449 | Snake:1  | Found an opulent altar of Gozag.
 41450 | Snake:1  | Noticed Quegolalo's ghost (adept TeAE)
 41452 | Snake:1  | Found Ziozasir's Assorted Antiques.
 41629 | Snake:1  | Noticed Louise
 41652 | Snake:1  | Killed Louise
 41725 | Snake:1  | Found Teajyap's Armour Boutique.
 41828 | Snake:1  | Bought the +3 pair of gauntlets of War {Slay+5} for 665
                  | gold pieces
 41828 | Snake:1  | Found the +3 pair of gauntlets of War {Slay+5}
 42309 | Snake:2  | Identified the serpent talisman "Xuptaymi" {Str+3 Int+4
                  | Dex+3}
 42309 | Snake:2  | Noticed Aizul
 42313 | Snake:2  | Killed Aizul
 42905 | Snake:2  | Reached XP level 19. HP: 183/185 MP: 27/27
 43378 | Snake:3  | Found Lezoal Getu's Magic Scroll Shop.
 43383 | Snake:3  | Bought a scroll of acquirement for 676 gold pieces
 43383 | Snake:3  | Acquired a manual of Armour
 43385 | Snake:3  | Bought a scroll of enchant weapon for 97 gold pieces
 43645 | Snake:3  | Noticed Vashnia
 44629 | Snake:3  | Killed Vashnia
 45170 | Snake:4  | Entered Level 4 of the Snake Pit
 45794 | Snake:4  | Reached skill level 1 in Ice Magic
 46649 | Snake:4  | Got a serpentine rune of Zot
 46928 | Vaults:1 | Entered Level 1 of the Vaults
 47316 | Vaults:1 | Reached XP level 20. HP: 189/195 MP: 28/28
 48006 | Vaults:1 | Found Boefib Ret's Jewellery Shop.
 48026 | Vaults:1 | Reached skill level 10 in Long Blades
 49285 | Vaults:2 | Identified the ring of Kiufam {rPois Str-3 Int+3 Dex+4
                  | Slay+2}
 49427 | Vaults:2 | Noticed Margery
 49439 | Vaults:2 | Killed Margery
 49720 | Vaults:2 | You fall into a shaft and drop 2 floors!
 49834 | Vaults:4 | Reached skill level 10 in Dodging
 49871 | Vaults:4 | Reached skill level 5 in Ice Magic
 50330 | Vaults:3 | Found Qevuann's Jewellery Emporium.
 50633 | Vaults:3 | Reached skill level 27 in Ranged Weapons
 50736 | Vaults:3 | Reached XP level 21. HP: 205/205 MP: 29/29
 50829 | Vaults:3 | Reached skill level 5 in Spellcasting
 51114 | Vaults:2 | Found a staircase to the Crypt.
 51274 | Vaults:2 | Noticed Bai Suzhen
 51287 | Vaults:2 | Killed Bai Suzhen
 51320 | Vaults:2 | Learned a level 3 spell: Frozen Ramparts
 51403 | Vaults:2 | Found Doikly Rosyu's Antique Weapon Shoppe.
 51506 | Vaults:2 | Found a runed translucent door.
 51506 | Vaults:2 | Found a shimmering altar of Xom.
 51506 | Vaults:2 | Noticed Naox's ghost (adept KoAr)
 51506 | Vaults:2 | Identified the +6 quarterstaff "Jauvad" {chaos, rPois rCorr
                  | Int+6 Stlth+}
 51509 | Vaults:2 | Identified the +9 lajatang of Okawaru's Regard {antimagic,
                  | rF+ rN+ rCorr Dex+7}
 51689 | Vaults:3 | Found Cuddes's Weapon Emporium.
 51765 | Vaults:3 | Found the +18 shield of the Gong {Loud rN+ Will+ rCorr
                  | EV-5}
 52194 | Vaults:4 | Identified the +6 scale mail of the Bells {Dex+2 Stlth+}
 52792 | Vaults:4 | Found a runed translucent door.
 52793 | Vaults:4 | Noticed Pileu's ghost (adept DsFE)
 53337 | Vaults:4 | Found Goenuzus's General Store.
 53344 | Vaults:4 | Bought a potion of heal wounds for 70 gold pieces
 53344 | Vaults:4 | Bought a scroll of revelation for 105 gold pieces
 53344 | Vaults:4 | Bought a scroll of teleportation for 42 gold pieces
 53944 | D:4      | Killed justen's ghost
 54227 | Lair:5   | Killed jestert79's ghost
 54241 | Lair:5   | Identified the +7 scimitar of Triumph {freeze, rPois rC+
                  | Will- SInv}
 54530 | Snake:1  | Killed Quegolalo's ghost
 54613 | Snake:1  | Bought a pair of embroidered boots for 247 gold pieces
 54627 | Snake:1  | Bought a scroll of revelation for 247 gold pieces
 54895 | Crypt:1  | Entered Level 1 of the Crypt
 55080 | Crypt:1  | Reached skill level 15 in Armour
 55847 | Crypt:1  | Identified the +2 robe "Witeant" {Harm Will++ Str-2 SInv}
 56720 | Crypt:2  | Paralysed by a vampire knight for 3 turns
 56730 | Crypt:2  | Paralysed by a vampire knight for 3 turns
 57009 | Crypt:3  | Entered Level 3 of the Crypt
 57790 | Crypt:3  | Reached XP level 22. HP: 217/217 MP: 30/30
 58604 | Crypt:3  | Found a staircase to the Tomb.
 59024 | Crypt:3  | Noticed an ancient lich
 59024 | Crypt:3  | Noticed an ancient lich
 59025 | Crypt:3  | Noticed a dread lich
 59171 | Crypt:3  | Identified the amulet of Tingafiq {Acrobat rElec Will+
                  | Str+2}
 59171 | Crypt:3  | Paralysed by a dread lich for 3 turns
 59207 | Crypt:3  | Killed a dread lich
 59227 | Crypt:3  | Killed an ancient lich
 59282 | Crypt:3  | Killed an ancient lich
 59568 | Crypt:3  | Identified the staff of Jafegg {rElec rCorr Int+2 Air}
 59817 | Depths:1 | Entered Level 1 of the Depths
 59899 | Depths:1 | Identified the +0 chain mail of Ymieh {Str+6 Stlth+}
 60036 | Depths:1 | Found a runed translucent gate.
 60036 | Depths:1 | Found a runed translucent gate.
 60036 | Depths:1 | Found a runed translucent gate.
 60170 | Depths:1 | Found a bloodstained altar of Trog.
 60597 | Depths:1 | Found a gateway to Hell.
 60907 | Depths:1 | Acquired the +2 hat "Liwew" {Str+3 Stlth+}
 61817 | Depths:2 | Reached skill level 10 in Ice Magic
 62018 | Depths:2 | Noticed a caustic shrike
 62025 | Depths:2 | Killed a caustic shrike
 62198 | Depths:2 | Found a one-way gate leading to the halls of Pandemonium.
 62826 | Depths:3 | Reached XP level 23. HP: 230/232 MP: 31/31
 62866 | Depths:3 | Identified the +9 demon whip of Honour {venom, rF+}
 63233 | Depths:3 | Found a one-way gate to the infinite horrors of the Abyss.
 63243 | Depths:3 | Reached XP level 24. HP: 243/243 MP: 31/31
 64720 | Depths:4 | Entered Level 4 of the Depths
 64761 | Depths:4 | Found a one-way gateway to a ziggurat.
 65211 | Depths:4 | Found a glowing golden altar of the Shining One.
 65457 | Depths:4 | Found a gate to the Realm of Zot.
 66049 | Vaults:5 | Entered Level 5 of the Vaults
 66056 | Vaults:5 | HP: 8/247 [spore (30)]
 67084 | Vaults:5 | Reached skill level 27 in Fighting
 67388 | Vaults:5 | Reached XP level 25. HP: 188/257 MP: 31/31
 67709 | Vaults:5 | Noticed a dread lich
 67719 | Vaults:5 | Killed a dread lich
 68156 | Vaults:5 | Found the +3 robe of Clouds {*Thunder rCloud rElec}
 68163 | Vaults:5 | Identified the +0 hand axe of Courage {speed, +Blink
                  | Stlth+}
 68645 | Vaults:5 | Got a silver rune of Zot
 68646 | Vaults:5 | Identified the +1 mace of Ru's Hope {chaos, Dex+2}
 68938 | Vaults:5 | Identified the +10 battleaxe of War {freeze, Int+2 Dex+4}
 69652 | Slime:1  | Entered Level 1 of the Pits of Slime
 70199 | Slime:2  | Gained mutation: You are weak. (Str -2) [a shining eye]
 71113 | Slime:4  | Paralysed by a formless jellyfish for 1 turns
 71115 | Slime:4  | Paralysed by a formless jellyfish for 1 turns
 71192 | Slime:4  | Paralysed by a formless jellyfish for 1 turns
 71633 | Slime:5  | Identified the of Fideijur
 71633 | Slime:5  | Entered Level 5 of the Pits of Slime
 71736 | Slime:5  | Reached skill level 15 in Long Blades
 71926 | Slime:5  | Noticed the Royal Jelly
 72562 | Slime:5  | Found a viscous altar of Jiyva.
 74082 | Slime:5  | Killed the Royal Jelly
 74812 | Slime:5  | Identified the +1 shortbow of Defenestration {heavy, Str-4
                  | Int+2 Dex+4}
 74834 | Slime:5  | Got a slimy rune of Zot
 74890 | Slime:5  | Acquired 910 gold pieces
 75378 | Zot:1    | Entered Level 1 of the Realm of Zot
 75679 | Zot:1    | Reached XP level 26. HP: 176/266 MP: 32/32
 76888 | Vaults:1 | Bought the ring "Yttane" {Fly rF+++ Str-5 Dex+6 SInv} for
                  | 1254 gold pieces
 77437 | Snake:3  | Bought a scroll of silence for 123 gold pieces
 77437 | Snake:3  | Bought a scroll of blinking for 97 gold pieces
 77437 | Snake:3  | Bought a scroll of teleportation for 39 gold pieces
 77933 | Zot:1    | Found a transporter.
 77984 | Zot:1    | Found a transporter.
 78528 | Zot:1    | Found the +4 dragonskin cloak
 78528 | Zot:1    | Noticed Tiamat
 78538 | Zot:1    | Found the +7 Spriggan's Knife {stab, EV+4 Stlth+}
 79078 | Zot:1    | Killed Tiamat
 80730 | Zot:3    | Reached skill level 5 in Evocations
 82935 | Zot:4    | Reached skill level 15 in Dodging
 83228 | Zot:4    | Reached XP level 27. HP: 217/273 MP: 32/32
 83687 | Zot:4    | Reached skill level 10 in Evocations
 83858 | Zot:4    | Found the +8 trishula "Condemnation" {holy, anguish, *Noise
                  | Fly rN+}
 84030 | Zot:4    | Identified the +10 short sword "Cysoyg" {antimagic, rF+
                  | Will- Int+3 Stlth+}
 84031 | Zot:4    | Identified the staff of Cuudat {rPois rC+ rCorr Poison}
 84086 | Zot:4    | Identified the +4 flail "Omnent" {protect, Drain rElec rN+}
 84373 | Zot:4    | Identified the +0 ring mail "Bituugow" {+Blink Int+5}
 84684 | Zot:5    | Entered Level 5 of the Realm of Zot
 84940 | Zot:5    | Noticed an orb of fire
 84946 | Zot:5    | Gained mutation: Your body sometimes deteriorates upon
                  | taking damage. [an orb of fire]
 84964 | Zot:5    | Killed an orb of fire
 85294 | Zot:5    | Identified the +6 spear "Beqej" {speed, rN+++ Will- Int+7
                  | Dex-4}
 85313 | Zot:5    | Noticed a dread lich
 85318 | Zot:5    | Killed a dread lich
 85387 | Zot:5    | Noticed an orb of fire
 85393 | Zot:5    | Killed an orb of fire
 85395 | Zot:5    | Noticed an orb of fire
 85400 | Zot:5    | Gained mutation: You have hidden genetic defects. [an orb
                  | of fire]
 85401 | Zot:5    | Reached skill level 27 in Armour
 85401 | Zot:5    | Gained mutation: You have terrible hidden genetic defects.
                  | [an orb of fire]
 85405 | Zot:5    | Killed an orb of fire
 85568 | Zot:5    | Lost mutation: Your body sometimes deteriorates upon taking
                  | damage. [potion of mutation]
 85568 | Zot:5    | Lost mutation: You have terrible hidden genetic defects.
                  | [potion of mutation]
 85568 | Zot:5    | Lost mutation: You are weak. (Str -2) [potion of mutation]
 85568 | Zot:5    | Gained mutation: You are partially covered in iridescent
                  | scales. (AC +2) [potion of mutation]
 85568 | Zot:5    | Gained mutation: You are clumsy. (Dex -2) [potion of
                  | mutation]
 85568 | Zot:5    | Gained mutation: You passively dampen the noise of your
                  | surroundings. [potion of mutation]
 85568 | Zot:5    | Gained mutation: You are covered in fur. (AC +1) [potion of
                  | mutation]
 85602 | Zot:5    | Noticed an orb of fire
 85609 | Zot:5    | Killed an orb of fire
 85875 | Zot:5    | Noticed an ancient lich
 85885 | Zot:5    | Killed an ancient lich
 85902 | Zot:5    | Noticed an orb of fire
 85906 | Zot:5    | Killed an orb of fire
 85906 | Zot:5    | Gained mutation: Your spells are a little easier to cast,
                  | but a little less powerful. [hidden defects]
 85918 | Zot:5    | Noticed an orb of fire
 85927 | Zot:5    | Gained mutation: You occasionally lose the ability to read
                  | scrolls when taking damage. [an orb of fire]
 85934 | Zot:5    | Killed an orb of fire
 86079 | Zot:5    | Lost mutation: You are covered in fur. (AC +1) [potion of
                  | mutation]
 86079 | Zot:5    | Lost mutation: You are partially covered in iridescent
                  | scales. (AC +2) [potion of mutation]
 86079 | Zot:5    | Lost mutation: You passively dampen the noise of your
                  | surroundings. [potion of mutation]
 86080 | Zot:5    | Lost mutation: Your spells are a little easier to cast, but
                  | a little less powerful. [potion of mutation]
 86080 | Zot:5    | Lost mutation: You are clumsy. (Dex -2) [potion of
                  | mutation]
 86080 | Zot:5    | Lost mutation: You have hidden genetic defects. [potion of
                  | mutation]
 86080 | Zot:5    | Gained mutation: You are somewhat resistant to further
                  | mutation. [potion of mutation]
 86116 | Zot:5    | Noticed an orb of fire
 86123 | Zot:5    | Killed an orb of fire
 86152 | Zot:5    | Noticed an orb of fire
 86163 | Zot:5    | Killed an orb of fire
 86380 | Zot:5    | Got the Orb of Zot
 86451 | Zot:4    | Noticed Purchesuir the pandemonium lord
 86868 | D:14     | Noticed Pazolu the pandemonium lord
 86877 | D:14     | Killed Pazolu the pandemonium lord
 87177 | D:$      | Escaped with the Orb!

Illustrated notes

Levels and vault maps discovered:
D:1:      tarquinn_simple_flora_water_f, layout_basic, due_unseen_surprise
D:2:      layout_rooms, minmay_split_cup_small
D:3:      layout_loops_cross, hellmonk_okawaru_the_only_friend_you_need
D:4:      layout_rooms, mainiacjoe_overflow_boulevard,
          mainiacjoe_overflow_small_starburst, gammafunk_ghost_icy,
          uniq_eustachio
D:5:      layout_loops_ring, minmay_temple_entry_drinking_statues
D:6:      layout_basic, chequers_temple_overflow_statue_of_worship,
          lemuel_round_altar, lemuel_doored_altar, mainiacjoe_overflow_chevrons,
          minmay_ruffians
D:7:      layout_basic, kennysheep_generic_room_15
D:8:      layout_basic, special_room [special_room_orc]
D:9:      layout_big_octagon
D:10:     layout_stronghold, led_sif_book, nzn_hepliaklqana_mist_gate
D:11:     gammafunk_mikee_crab_dinner, layout_irregular_city,
          grunt_lair_entry_orc_guard_hut, david_orc_5,
          portal_ice_cave_entry_ice_simulacra, uniq_sonja
D:12:     layout_stronghold, serial_shops, shop, uniq_snorg, uniq_nessos
D:13:     layout_irregular_city
D:14:     regret_index_bee_streams, layout_basic,
          hangedman_vaults_entry_quadrant_bands, grunt_gozag_statues,
          uniq_lodul, uniq_frances, uniq_kirke
D:15:     grunt_enter_depths_giant_problem, layout_loops_ring, elyvilon_altar_4
Temple:   nicolae_temple_no_exploring_needed
Lair:1:   layout_layer_cave
Lair:2:   layout_small_grid, minmay_snake_entry_guardpost_large,
          serial_bayou_shore_a
Lair:3:   nzn_winding_woodlands_small [nzn_winding_woodlands_5x15_cabin,
          nzn_winding_woodlands_center_lodge,
          nzn_winding_woodlands_5x15_garden], layout_gridlike,
          mainiacjoe_swamp_entry_angry_trees, st_stairs_8, uniq_gastronok,
          uniq_nergalle, uniq_fannar
Lair:4:   layout_gridlike, nicolae_slime_entry_slimehenge,
          chequers_serial_rivers_small_b
Lair:5:   guppyfry_lair_end_dragon, layout_cave_pods,
          gammafunk_ghost_hydra_chop, lemuel_fruit_fields, grunt_megastairs_5
Swamp:1:  layout_falls_marsh, nicolae_swamp_trees_clearing
Swamp:2:  cheibrodos_swamp_monstrosity, layout_falls_marsh, serial_swamp_ruin,
          hangedman_swamp_ruin_hall, evilmike_swamp_ruin_house_3,
          evilmike_swamp_ruin_house_4
Swamp:3:  layout_basic_swamp, nicolae_swamp_oxbows, swamp_pool_4,
          hangedman_swamp_lotus, nicolae_swamp_bloodsuckers_inc, uniq_donald
Swamp:4:  byrel_swamp_growth_death_and_undeath, layout_basic_swamp,
          uniq_mlioglotl
Snake:1:  layout_grid_maze, ebering_ghost_gozag, serial_shops,
          nicolae_shop_hallway_stairs, uniq_louise
Snake:2:  layout_misc_corridors, grunt_ministairs_15,
          nicolae_snake_round_shape_thing, fake_guardian_serpent_vault,
          uniq_aizul
Snake:3:  layout_concentric_octagons, serial_shops, nicolae_square_shop,
          uniq_vashnia
Snake:4:  grunt_snake_rune_spirals, layout_onion
Slime:1:  layout_caves
Slime:2:  layout_caves
Slime:3:  layout_caves
Slime:4:  layout_caves
Slime:5:  slime_pit
Orc:1:    layout_caves
Orc:2:    st_orc_rangers, layout_caves, basic_altar
Elf:1:    nicolae_elf_arrival_no_cutting_in_line, layout_geoelf_grid,
          minivault_28, minmay_shoptagon
Elf:2:    elven_hall_of_blades_hangedman_alternative
          [nicolae_blade_entry_pointy_end], layout_loops_cross,
          nicolae_elf_stone_circles, hangedman_elf_power_crystal,
          item_on_display_a, uniq_agnes
Elf:3:    minmay_elf_hall_curves, layout_loops_corners, uniq_roxanne
Vaults:1: nicolae_vaults_network_periphery, nicolae_vaults_ellipses_ellipsis,
          nicolae_vaults_tetromino_Z_2, nicolae_vaults_library_corner,
          nicolae_vaults_trapezoid_lopsided_4, nicolae_vaults_little_squares_3,
          grunt_vaults_swirl, nicolae_vaults_apartment_1,
          ontoclasm_vaults_pinch, nicolae_vaults_little_squares_2,
          vaults_room_door_hall, nicolae_vaults_tetromino_L_2,
          nicolae_vaults_asterisk, layout_vaults_omnibox, serial_shops, shop
Vaults:2: ebering_ghost_xom, grunt_vaults_focal,
          minmay_crypt_entry_simple_walls, nicolae_vaults_back_hallway,
          nicolae_vaults_tetromino_Z_2, ontoclasm_vaults_ring_large,
          ontoclasm_vaults_idyll, nicolae_vaults_spaceships, vaults_room_boxed,
          vaults_dpeg_encased_lava, nicolae_vaults_shipping_containers_2,
          v_misc_16, vaults_room_semicircle, nicolae_vaults_tetromino_L_1,
          layout_vaults_maze_bifur, serial_shops, shop, uniq_margery,
          uniq_bai_suzhen
Vaults:3: ontoclasm_vaults_ligature, vaults_room_door_ring,
          hellmonk_guarded_unrand_gong, vaults_mumra_chevron_long,
          nicolae_vaults_taking_the_gang_shopping, hangedman_vaults_capsules,
          nicolae_vaults_wine_cellar, nicolae_vaults_surprise_closet,
          ontoclasm_vaults_idyll, hangedman_vaults_nails,
          layout_vaults_big_room, serial_shops, shop
Vaults:4: gammafunk_ghost_grave, ontoclasm_vaults_idyll,
          nicolae_vaults_weapon_check, nicolae_vaults_angled_halls,
          nicolae_vaults_six-pack, nicolae_vaults_heart-shaped_vault,
          vaults_dpeg_hooks, nicolae_vaults_murderbox, vaults_dpeg_ring,
          layout_vaults_omnigrid, serial_shops,
          nicolae_shop_competitors_out_of_business
Vaults:5
Crypt:1:  layout_rooms, minmay_misc_feat_pillars, grunt_crypt_arrival_split
Crypt:2:  layout_regular_city
Crypt:3:  david_glass_crypt, layout_basic,
          nicolae_tomb_entry_unfolded_pyramid_diagonal
Depths:1: layout_basic, grunt_hell_entry_dis_mu, bloody_trog, st_stairs_8,
          chequers_hall_statues_y, pandoras_box_mu, grunt_megastairs_3
Depths:2: minmay_the_grid_3x3 [minmay_the_grid_empty, minmay_the_grid_x,
          minmay_the_grid_medium_cups, minmay_the_grid_rooms,
          minmay_the_grid_expand, minmay_the_grid_diamond_grid,
          minmay_the_grid_minigrid_small_alt, minmay_the_grid_tree,
          minmay_the_grid_prize_inner_circle], layout_long_grid, pf_coc_iceberg,
          rand_demon_pan_entry_4, moated_statue, infiniplex_staircase_zigzag_1
Depths:3: hangedman_elemental_death_ray, layout_basic, abyss_entry,
          nicolae_concentric_dashed_squares_wild, hellmouth_1,
          grunt_megastairs_2, infiniplex_staircase_pool_lava
Depths:4: evilmike_zot_entry_argh, layout_cave_pools, enter_ziggurat_f,
          pan_entry, minmay_room_of_horrors, tso_altar, hell_entry
Zot:1:    gammafunk_its_a_trap, layout_misc_corridors, uniq_tiamat
Zot:2:    layout_basic
Zot:3:    layout_cathedral_of_symmetry, lemuel_golem_globe
Zot:4:    cheibrodos_zot_enchanting_chambers, layout_twisted_circle,
          st_large_dragon_hoard_2
Zot:5:    layout_gridlike

Skill      XL: |  1  2  3  4  5  6  7  8  9 10 11 12 13 14 15 16 17 18 19 20 21 22 23 24 25 26 27 |
---------------+----------------------------------------------------------------------------------+-----
Stealth        | 1 |  1.0
Armour         | 1 2 3 4 5 7 9 10 12 13 16 18 20 22 25 27 | 27.0
Maces & Flails | 1 2 |  2.0
Fighting       | 3 4 5 8 9 11 12 14 15 16 18 19 20 21 22 24 25 27 | 27.0
Ranged Weapons | 5 6 7 8 10 12 14 16 18 20 21 22 24 25 26 27 | 27.0
Throwing       | 1 2 3 |  3.0
Dodging        | 3 4 5 6 7 8 10 11 12 13 15 16 | 16.3
Evocations     | 1 2 3 8 13 | 13.0
Invocations    | 2 3 4 6 8 9 10 12 13 14 | 14.3
Short Blades   | 2 3 6 9 |  9.2
Long Blades    | 1 2 7 9 11 13 16 18 20 | 20.2
Spellcasting   | 1 2 3 4 5 7 8 |  8.3
Earth Magic    | 2 3 |  3.0
Transmutations | 2 3 |  3.0
Shields        | 2 |  2.0
Ice Magic      | 3 5 6 10 11 12 | 12.0

Action                     |  1- 3 |  4- 6 |  7- 9 | 10-12 | 13-15 | 16-18 | 19-21 | 22-24 | 25-27 || total
---------------------------+-------+-------+-------+-------+-------+-------+-------+-------+-------++-------
  Melee: Dagger            |       |    18 |    18 |       |       |       |       |       |       ||    36
         Headbutt          |       |     6 |     3 |     3 |       |       |       |       |       ||    12
         Punch             |       |       |     1 |       |       |       |       |       |       ||     1
         Short sword       |       |       |       |     9 |       |       |       |       |       ||     9
         Scimitar          |       |       |       |     3 |     1 |       |       |       |       ||     4
         Unarmed           |       |       |       |       |     4 |       |    17 |       |       ||    21
         Great sword       |       |       |       |       |       |       |       |       |     2 ||     2
   Fire: Shortbow          |   101 |   100 |   220 |   899 |  1209 |   448 |    75 |       |       ||  3052
         Longbow           |       |       |       |       |     4 |  1035 |  1481 |   884 |   178 ||  3582
         Triple crossbow   |       |       |       |       |       |       |       |   124 |  1348 ||  1472
  Throw: Dart              |       |    13 |     5 |    15 |    36 |    21 |     2 |       |       ||    92
   Cast: Frozen Ramparts   |       |       |       |       |       |       |     1 |     3 |     1 ||     5
 Invoke: Wall of Briars    |       |       |       |     4 |     1 |     2 |       |       |     2 ||     9
         Grow Ballistomyce |       |       |       |       |       |     3 |       |       |       ||     3
         Grow Oklob        |       |       |       |       |       |     1 |       |       |     1 ||     2
  Evoke: Wand              |       |     4 |     1 |    19 |    13 |    12 |    13 |     6 |     2 ||    70
         Phantom mirror    |       |       |       |     1 |     1 |     1 |     1 |       |     1 ||     5
         Lightning rod     |       |       |       |       |     3 |     3 |     4 |       |       ||    10
    Use: Scroll            |       |     8 |     9 |    20 |    12 |    12 |    15 |    21 |    20 ||   117
         Potion            |       |       |       |     2 |     5 |     7 |     4 |     9 |     5 ||    32
   Stab: Distracted        |       |     2 |       |       |       |       |       |       |       ||     2
 Armour: Leather armour    |    13 |       |       |       |       |       |       |       |       ||    13
         Ring mail         |    29 |    35 |   127 |   394 |    98 |   581 |   400 |   241 |   619 ||  2524
         Robe              |       |       |       |    60 |       |       |       |       |       ||    60
         Ice dragon scales |       |       |       |    55 |       |       |       |       |       ||    55
         Acid dragon scale |       |       |       |    17 |   469 |       |       |       |       ||   486
         Skin              |       |       |       |       |     2 |       |     7 |       |       ||     9
  Dodge: Dodged            |    37 |    22 |   104 |   373 |   448 |   371 |   390 |   263 |   819 ||  2827
  Block: Other             |       |       |       |       |       |    60 |    94 |    13 |       ||   167
         Reflection        |       |       |       |       |       |     2 |    14 |       |       ||    16

Table legend: (Time is in decaauts)
 A = Elapsed time spent in this place.
 B = Non-inter-level travel time spent in this place.
 C = Inter-level travel time spent in this place.
 D = Time resting spent in this place.
 E = Time spent auto-exploring this place.
 F = Levels seen in this place.
 G = Mean time per level.
                   A        B        C        D        E       F      G
               +--------+--------+--------+--------+--------+-----+--------+
         Total |  87278 |  77599 |   9679 |  25037 |  36321 |  57 | 1531.2 |
       Dungeon |  19206 |  16333 |   2873 |   3636 |   8916 |  15 | 1280.4 |
        Temple |     17 |     17 |      0 |      0 |      0 |   1 |   17.0 |
          Lair |   8584 |   7208 |   1376 |   2213 |   3612 |   5 | 1716.8 |
         Swamp |   4192 |   3920 |    272 |   1161 |   2072 |   4 | 1048.0 |
     Snake Pit |   5475 |   5081 |    394 |    946 |   3044 |   4 | 1368.8 |
    Slime Pits |   5542 |   4952 |    590 |   2187 |   1590 |   5 | 1108.4 |
  Orcish Mines |   3067 |   2838 |    229 |   1240 |    951 |   2 | 1533.5 |
   Elven Halls |   7622 |   6845 |    777 |   3052 |   2316 |   3 | 2540.7 |
        Vaults |  10279 |   9045 |   1234 |   2624 |   5030 |   5 | 2055.8 |
         Crypt |   4680 |   4537 |    143 |   1774 |   1974 |   3 | 1560.0 |
        Depths |   7733 |   6364 |   1369 |   2272 |   2884 |   4 | 1933.2 |
           Zot |   8393 |   7974 |    419 |   2595 |   3607 |   5 | 1678.6 |
      Ice Cave |   2483 |   2483 |      0 |   1332 |    324 |   1 | 2483.0 |
               +--------+--------+--------+--------+--------+-----+--------+

Top non-repeatable levels by time:
    D:11: 3070 daAuts
   Elf:3: 3053 daAuts
Vaults:4: 2666 daAuts
  Lair:3: 2626 daAuts
Depths:3: 2503 daAuts
   IceCv: 2483 daAuts
   Orc:2: 2346 daAuts
   Elf:2: 2304 daAuts
   Elf:1: 2265 daAuts
 Crypt:3: 2197 daAuts
Vaults:1: 2172 daAuts
    D:14: 2171 daAuts
Vaults:5: 2114 daAuts
 Slime:5: 2086 daAuts
   Zot:3: 1943 daAuts
